AoeStats
← L0has

Arabian Desert

509327094Analyzed
1v1 RM · 5d ago on Sep 26, 2026· 33m 51s· 2 players
Game mode
Random Map
Map size
Tiny (2 player)
Population
200
Speed
Normal
Resources
Standard
Victory
Conquest
Starting age
Dark Age
Ending age
Imperial Age
RankedLock teamsTeams togetherTeam positionsShared explorationLock speedFull tech treeHidden civsTurbo modeCheats
Victory
Defeat
🇩🇪 Slavs · Germany
1754
+18
🇪🇸 Danes · Spain
1801
-18
L0has
6:00 Loom
9:21 Feudal Age
9:47 Man-at-Arms
11:55 Double-Bit Axe
15:36 Horse Collar
18:15 Scale Mail Armor
22:12 Castle Age
21:30 Gold Mining
22:36 Forging
22:17 Long Swordsman
23:21 Squires
25:46 Bow Saw
26:34 Wheelbarrow
26:40 Fletching
27:19 Ballistics
29:29 Town Watch
32:50 Heavy Plow
DYN | FU
5:55 Loom
5:57 Loom
8:43 Feudal Age
9:21 Double-Bit Axe
10:40 Horse Collar
22:26 Castle Age
21:54 Fletching
23:08 Bloodlines
23:36 Bow Saw
23:36 Bodkin Arrow
25:42 Padded Archer Armor
26:31 Ballistics
27:10 Wheelbarrow
28:12 Husbandry
Connection lost

Rejoining the realm…

Still unreachable

The connection could not be restored.

Session expired

The server has moved on; the page needs a fresh start.